 Dungeon Crawl Stone Soup version 0.28.0-53-g5a82cb258f (console) character file.

Game seed: 883791285233470871

105 Faeu the Slasher (level 4, -2/39 HPs)
             Began as a Minotaur Fighter on May 28, 2022.
             Slain by Sigmund
             ... wielding a +0 scythe
              (7 damage)
             ... on level 3 of the Dungeon.
             The game lasted 00:01:57 (1582 turns).

Faeu the Slasher (Minotaur Fighter)                 Turns: 1582, Time: 00:01:58

Health: -2/39      AC:  6    Str: 23    XL:     4   Next: 54%
Magic:  3/3        EV: 13    Int:  5    God:
Gold:   66         SH:  4    Dex:  9    Spells: 3/3 levels left

rFire   . . .      SeeInvis .   a - +0 long sword {long}
rCold   . . .      Faith    .   c - +0 buckler
rNeg    . . .      Spirit   .   b - +0 scale mail
rPois   +          Reflect  .   (helmet restricted)
rElec   .          Harm     .   (no cloak)
rCorr   .          Rampage  .   (no gloves)
Will    .....                   (no boots)
Stlth   ..........              (no amulet)
HPRegen 0.13/turn               g - ring of poison resistance
MPRegen 0.08/turn               m - +4 ring of evasion

@: no status effects
A: horns 2, retaliatory headbutt
a: no special abilities


You were on level 3 of the Dungeon.
You visited 1 branch of the dungeon, and saw 3 of its levels.

You collected 66 gold pieces.


Innate Abilities, Weirdness & Mutations

You have a pair of horns on your head.
You reflexively headbutt those who attack you in melee.


   Skills:
 - Level 3.6 Fighting
 + Level 5.9 Long Blades
 - Level 3.6 Armour
 - Level 3.6 Shields


You had 3 spell levels left.
You didn't know any spells.
Your spell library contained the following spells:

 Spells                   Type           Power      Damage    Failure   Level
 Call Canine Familiar     Summ           0%         N/A       99%         3
 Gell's Gravitas          Tloc           0%         N/A       99%         3
 Lesser Beckoning         Tloc           0%         N/A       99%         3
 Ozocubu's Armour         Ice            0%         N/A       99%         3
 Summon Guardian Golem    Hex/Summ       0%         N/A       99%         3
 Teleport Other           Tloc           0%         N/A       99%         3
 Simulacrum               Ice/Necr       0%         N/A       100%        6
 Monstrous Menagerie      Summ           0%         N/A       100%        7
 Orb of Destruction       Conj           0%         9d5       100%        7
 Spellforged Servitor     Conj/Summ      0%         N/A       100%        7

Inventory:

Hand Weapons
 a - a +0 long sword (weapon) {long}
 k - a +1 dagger of draining {short}
   (You took it off a goblin on level 2 of the Dungeon)
Armour
 b - a +0 scale mail (worn)
 c - a +0 buckler (worn)
Jewellery
 g - a ring of poison resistance (left hand)
   (You found it on level 1 of the Dungeon)
 m - a +4 ring of evasion (right hand)
   (You found it on level 2 of the Dungeon)
Scrolls
 f - 2 scrolls of identify {unknown}
 j - 2 scrolls of blinking {unknown}
 l - a scroll of fog {unknown}
 n - a scroll of torment {unknown}
Potions
 d - a potion of might
 e - a potion of degeneration {unknown}
 h - a potion of brilliance {unknown}
 i - a potion of mutation {unknown}
 o - 2 potions of curing {unknown}
 p - a potion of resistance {unknown}

Dungeon Overview and Level Annotations

Branches:
Dungeon (3/15)

Altars:
Ru

Shops:
D:2 :

Annotations:
D:3 Sigmund

.#.#.#.#.##
#.#.#.#.#.#
#.#.#.#.##
#.#†#.#.#.# .
#.#.#.#.#.## ..
#.#.#.#.#.#.##+##.##
#.#+#.#.#.#.#.......#
#..
....#.#.#+.....#.# .#
)..(#.#.#.#..)..#
.....+#+#'#'.....#
........{@.#.....#
##.......†#.....#
#........#.....#
#....#####.....#
#..## ####### .. #


There were no monsters in sight!


Message History

Done exploring.
No target in view!
Done exploring.
No target in view!
Done exploring.
No target in view!
Done exploring.
No target in view!
Done exploring.
No target in view!
(D) Dungeon
Where to? (Enter - D:2, ? - help)
There is a stone staircase leading down here.
You climb downwards.
The frilled lizard hisses angrily.
There is a stone staircase leading up here.
A frilled lizard is nearby!
A frilled lizard is nearby!
A frilled lizard is nearby!
A frilled lizard is nearby!
A frilled lizard is nearby!
You slash the frilled lizard!
You kill the frilled lizard!
You pick up a book of Displacement and begin reading...
You add the spells Lesser Beckoning, Gell's Gravitas and Teleport Other to your library.
No target in view!
A kobold comes into view. It is wielding a +0 short sword.
The kobold shouts!
You see here 7 gold pieces.
A kobold is nearby!
A kobold is nearby!
A kobold is nearby!
You slash the kobold!
You kill the kobold!
p - a fizzy amethyst potion No target in view!
You now have 66 gold pieces (gained 7).
You open the door. 3 jackals come into view.
The jackal barks! x3
There is an open door here.
Sigmund the Dreaded comes into view.
He is wielding a +0 scythe.
Sigmund shouts!
An endoplasm comes into view.
Sigmund casts a spell at you.
You are confused.
You bump into the rock wall.
The endoplasm quivers.
The jackal misses you.
The jackal bites you but does no damage.
You miss the jackal. The jackal barely misses you.
The jackal bites you but does no damage.
The jackal misses you.
The jackal bites you but does no damage.
The jackal closely misses you.
You bump into the rock wall.
The jackal closely misses you.
Sigmund mumbles some strange words.
Sigmund flickers and vanishes!
Deactivating autopickup; reactivate with Ctrl-A.
The jackal bites you but does no damage.
The jackal misses you.
You bump into the rock wall.
You feel less confused. The jackal completely misses you.
You block the jackal's attack.
The jackal bites you but does no damage.
The jackal misses you. The jackal barely misses you. You furiously retaliate!
You headbutt the jackal!
You kill the jackal!
The jackal bites you but does no damage.
The jackal barely misses you. You furiously retaliate!
You headbutt the jackal!
You kill the jackal!
There is an open door here.
You slash the jackal!
You kill the jackal!
You slash the endoplasm!
You kill the endoplasm!
You block something's attack. Something hits you! 😮 HP[-12]
You take 12 damage, and now have 27/39 hp.
MASSIVE DAMAGE!! (PAUSE) 😮 HP[+1]
A magic dart appears from out of thin air!
The magic dart hits you.
There is an open door, spattered with blood here. 😮 HP[-6]
You take 6 damage, and now have 22/39 hp.
Something hits you!
* * * LOW HITPOINT WARNING * * *
😨 HP[-11]
You take 11 damage, and now have 11/39 hp.
MASSIVE DAMAGE!! (PAUSE)
Something hits you.
* * * LOW HITPOINT WARNING * * *
You see here a jackal corpse. 😱 HP[-6]
You take 6 damage, and now have 5/39 hp.
You closely miss something. You slash something! Something hits you!
You die...

Skill      XL: |  1  2  3 |
---------------+----------+-----
Long Blades    | 3 4 5 |  5.9
Fighting       | |  3.6
Armour         | |  3.6
Shields        | |  3.6

Action                   |  1- 3 |  4- 6 || total
-------------------------+-------+-------++-------
Melee: Long sword        |    94 |    36 ||   130
       Headbutt          |     8 |     4 ||    12
Armor: Scale mail        |    50 |    15 ||    65
Dodge: Dodged            |    59 |    28 ||    87
Block: Buckler           |    18 |     8 ||    26

Levels and vault maps discovered:
D:1:      dpeg_arrival_long_road, layout_loops_ring,
          ebering_ecumenical_altar_petrified
D:2:      layout_rooms, basic_altar, serial_shops, nicolae_shop_hallway_plus
D:3:      layout_basic, tgw_sif, chequers_hall_statues_wall_a, uniq_sigmund,
          uniq_jessica

Notes
Turn   | Place    | Note
-------+----------+-------------------------------------------
     0 | D:1      | Faeu the Minotaur Fighter began the quest for the Orb.
     0 | D:1      | Reached XP level 1. HP: 19/19 MP: 0/0
     0 | D:1      | magus.rc [v1.9.6]
   108 | D:1      | Found a faded altar of an unknown god.
   117 | D:1      | Reached skill level 3 in Long Blades
   139 | D:1      | Reached XP level 2. HP: 26/26 MP: 1/1
   409 | D:1      | Reached skill level 4 in Long Blades
   501 | D:1      | You pick up a book of Dangerous Friends and begin
                  | reading...
   501 | D:1      | You add the spells Summon Guardian Golem, Orb of
                  | Destruction and Spellforged Servitor to your library.
   555 | D:1      | Reached XP level 3. HP: 29/31 MP: 2/2
   763 | D:1      | You add the spells Ozocubu's Armour, Call Canine Familiar,
                  | Simulacrum and Monstrous Menagerie to your library.
   763 | D:1      | Got the Compendium of Icy Creation
  1127 | D:2      | Reached skill level 5 in Long Blades
  1196 | D:2      | Reached XP level 4. HP: 39/39 MP: 3/3
  1386 | D:2      | Found Rejak's Book Shop.
  1424 | D:2      | Found a sacrificial altar of Ru.
  1543 | D:3      | You pick up a book of Displacement and begin reading...
  1543 | D:3      | You add the spells Lesser Beckoning, Gell's Gravitas and
                  | Teleport Other to your library.
  1565 | D:3      | Noticed Sigmund
  1580 | D:3      | HP: 5/39 [something (6)]
  1582 | D:3      | Slain by Sigmund

Vanquished Creatures
  3 adders (D:2)
  3 dart slugs
  7 bats (D:1)
  7 endoplasms
  2 giant cockroaches (D:1)
  8 goblins
  4 hobgoblins
  7 jackals
  6 kobolds
  3 quokkas
  7 ball pythons
  3 frilled lizards
  4 rats
64 creatures vanquished.

Table legend:
 A = Non-vault XP
 B = Vault XP
 C = Vault XP percentage of total XP
 D = Non-vault monster count
 E = Vault monster count
 F = Vault count percentage of total count
                 A         B        C        D         E       F
            +---------+---------+-------+---------+---------+-------
      Total |     151 |       0 |   0.0 |      64 |       0 |   0.0
            +---------+---------+-------+---------+---------+-------
        D:1 |      65 |       0 |   0.0 |      34 |       0 |   0.0
        D:2 |      75 |       0 |   0.0 |      24 |       0 |   0.0
        D:3 |      11 |       0 |   0.0 |       6 |       0 |   0.0
            +---------+---------+-------+---------+---------+-------

Illustrated notes

Table legend:
 A = Kills in this place as a percentage of kills in entire the game.
 B = Kills by you in this place as a percentage of kills by you in the entire game.
 C = Kills by friends in this place as a percentage of kills by friends in the entire game.
 D = Other kills in this place as a percentage of other kills in the entire game.
 E = Experience gained in this place as a percentage of experience gained in the entire game.
 F = Experience gained in this place divided by the number of levels of this place that you have seen.
                   A       B       C       D       E      F
               +-------+-------+-------+-------+-------+----------------------
         Total | 100.0 | 100.0 |   N/A |   N/A | 100.0 |  50.3
       Dungeon | 100.0 | 100.0 |   N/A |   N/A | 100.0 |  50.3
               +-------+-------+-------+-------+-------+----------------------

Table legend: (Time is in decaauts)
 A = Elapsed time spent in this place.
 B = Non-inter-level travel time spent in this place.
 C = Inter-level travel time spent in this place.
 D = Time resting spent in this place.
 E = Time spent auto-exploring this place.
 F = Levels seen in this place.
 G = Mean time per level.
                   A        B        C        D        E       F      G
               +--------+--------+--------+--------+--------+-----+--------+
         Total |   1609 |   1584 |     25 |      0 |   1219 |   3 |  536.3 |
       Dungeon |   1609 |   1584 |     25 |      0 |   1219 |   3 |  536.3 |
               +--------+--------+--------+--------+--------+-----+--------+

Top non-repeatable levels by time:
     D:1: 1146 daAuts
     D:2: 417 daAuts
     D:3: 45 daAuts
